 Dungeon Crawl Stone Soup version 0.29-a0-553-g81b289dbe5 (webtiles) character file.

Game seed: 15675798697548329402

135 zishaf the Sneak (level 4, 0/30 HPs)
             Began as a Vampire Enchanter on June 6, 2022.
             Slain by an ufetubus (3 damage)
             ... in a sewer.
             The game lasted 00:06:32 (1870 turns).

zishaf the Sneak (Vampire Enchanter)                Turns: 1870, Time: 00:06:33

Health: 0/30       AC:  2    Str:  7    XL:     4   Next: 96%
Magic:  7/7        EV: 13    Int: 19    God:
Gold:   150        SH:  5    Dex: 14    Spells: 2/7 levels left

rFire   . . .      SeeInvis +   l - +0 dagger (drain)
rCold   . . .      Faith    .   (no shield)
rNeg    . . .      Spirit   .   b - +0 robe
rPois   .          Reflect  +   (no helmet)
rElec   .          Harm     .   (no cloak)
rCorr   .          Rampage  .   (no gloves)
Will    .....                   (no boots)
Stlth   +++.......              g - amulet of reflection
HPRegen 0.30/turn               (no ring)
MPRegen 0.10/turn               (no ring)

@: healing quickly, invisible
A: alive, fangs 3, see invisible, vampiric 2
a: Exsanguinate


You were in a sewer.
You visited 1 branch of the dungeon, and saw 3 of its levels.
You also visited: Sewer.

You collected 150 gold pieces.

Inventory:

Hand Weapons
 a - a +1 dagger
 l - a +0 dagger of draining (weapon)
Missiles
 d - 7 poisoned darts (quivered)
Armour
 b - a +0 robe (worn)
Jewellery
 e - an amulet of magic regeneration
 g - an amulet of reflection (around neck)
Scrolls
 f - 2 scrolls of teleportation {unknown}
 i - a scroll of identify {unknown}
 k - a scroll of amnesia {unknown}
Potions
 c - a potion of invisibility
 h - a potion of haste {unknown}
 j - 2 potions of degeneration {unknown}


   Skills:
 + Level 2.5 Short Blades
 + Level 3.1 Dodging
 + Level 5.6 Stealth
 + Level 2.0 Spellcasting
 + Level 5.4 Hexes
 + Level 1.5 Ice Magic


You had 2 spell levels left.
You knew the following spells:

 Your Spells              Type           Power      Damage    Failure   Level
a - Ensorcelled Hibernat  Hex/Ice        30%        N/A       6%          2
A - Confusing Touch       Hex            22%        N/A       5%          3

Your spell library contained the following spells:

 Spells                   Type           Power      Damage    Failure   Level
 Tukima's Dance           Hex            22%        N/A       5%          3
 Dazzling Flash           Conj/Hex       24%        N/A       17%         3
 Yara's Violent Unravell  Hex/Tmut       6%         3d5       83%         5
 Enfeeble                 Hex            11%        N/A       100%        7


Dungeon Overview and Level Annotations

Branches:
Dungeon (3/15)              Sewer (1/1)

Altars:


Innate Abilities, Weirdness & Mutations

Your natural rate of healing is accelerated.
You have razor-sharp teeth.
You have supernaturally acute eyesight. (SInv)
You are afflicted with vampirism and can become a bat while bloodless.


Message History

The ufetubus misses you. The ufetubus hits you.
The ufetubus completely misses you.
The ufetubus hits you but does no damage.
The kobold misses you. The ufetubus closely misses you.
The ufetubus hits you. x2
The ufetubus barely misses you.
There is an open door here.
The ufetubus barely misses you. The ufetubus completely misses you.
You hit the ufetubus.
The ufetubus is moderately wounded.
The ufetubus closely misses you. x4; The ufetubus hits you.
The ufetubus barely misses you.
You hit the ufetubus.
The ufetubus is heavily wounded.
The ufetubus hits you.
* * * LOW HITPOINT WARNING * * *
The ufetubus completely misses you. The ufetubus misses you.
The ufetubus hits you.
* * * LOW HITPOINT WARNING * * *
The ufetubus closely misses you.
The ufetubus hits you but does no damage.
You fade into invisibility!
The ufetubus barely misses you. x2; The ufetubus closely misses you. x2
You catch the helpless ufetubus completely off-guard!
You puncture the ufetubus!
You kill the ufetubus!
You block the ufetubus's attack. The ufetubus hits you.
* * * LOW HITPOINT WARNING * * *
The ufetubus hits you.
* * * LOW HITPOINT WARNING * * *
The ufetubus misses you.
You barely miss the ufetubus. The ufetubus closely misses you.
The ufetubus misses you.
You hit the ufetubus.
The ufetubus is moderately wounded.
The ufetubus shouts!
The ufetubus misses you. The ufetubus closely misses you.
You barely miss the ufetubus.
The ufetubus is moderately wounded.
The ufetubus closely misses you. The ufetubus hits you.
You die...

#≈≈≈≈≈≈≈...#≈≈≈≈≈≈#
#≈≈≈≈≈≈#...#≈≈≈≈≈≈#
#≈≈≈≈≈≈#...≈≈≈≈≈≈≈#
#≈≈≈≈≈≈#...#≈≈≈≈≈≈#
#≈≈≈≈≈≈≈...#≈≈≈≈≈≈#
#≈≈≈≈≈≈#...#.≈≈≈≈≈#
#≈≈≈≈....≈...≈≈≈≈≈#
#≈≈≈≈..#≈≈≈#..≈≈≈≈#
#5@....#≈≈≈#......#
#K#######≈#######+#
#......#...
#≈≈≈≈.≈≈≈≈≈.....
#≈≈≈#≈≈≈≈≈≈#...#≈
#############+####


You could see an ufetubus (can't see you) and a kobold (wandering, can't see
you).

Vanquished Creatures
  2 adders
  A shadow imp (Sewer)
  2 ufetubi (Sewer)
  An adder zombie (D:2)
  An adder skeleton (D:2)
  3 worms
  2 dart slugs
  3 orcs (D:3)
  6 ball pythons
  2 bat skeletons (D:2)
  4 bat zombies (D:2)
  6 endoplasms
  7 giant cockroaches
  4 goblins
  3 hobgoblins
  3 ball python skeletons (D:2)
  A ball python zombie (D:2)
  5 bats
  2 frilled lizards
  A jackal zombie (D:2)
  9 kobolds
  A kobold zombie (Sewer)
  A quokka zombie (D:2)
  5 rats
75 creatures vanquished.

Notes
Turn   | Place    | Note
-------+----------+-------------------------------------------
     0 | D:1      | zishaf the Vampire Enchanter began the quest for the Orb.
     0 | D:1      | Reached XP level 1. HP: 13/13 MP: 3/3
   351 | D:1      | Reached XP level 2. HP: 19/19 MP: 5/5
   368 | D:1      | You fall into a shaft and drop 1 floor!
   423 | D:1      | Learned a level 2 spell: Ensorcelled Hibernation
   763 | D:2      | Gained mutation: You are afflicted with vampirism and can
                  | become a bat while bloodless. [Vampire growth]
   763 | D:2      | Reached XP level 3. HP: 20/24 MP: 6/6
   767 | D:2      | Learned a level 3 spell: Confusing Touch
   814 | D:2      | Reached skill level 5 in Stealth
   886 | D:2      | Reached skill level 5 in Hexes
  1125 | D:2      | Reached skill level 1 in Ice Magic
  1227 | D:2      | Reached XP level 4. HP: 26/28 MP: 7/7
  1680 | D:3      | Found a glowing drain.
  1698 | Sewer    | Entered a sewer
  1870 | Sewer    | Slain by an ufetubus

Illustrated notes

Levels and vault maps discovered:
D:1:      spicycebolla_arrival_transporter_tutorial, layout_basic,
          serial_park_tiny_1
D:2:      minmay_evil_eye, layout_basic, serial_undead, serial_undead_a,
          serial_undead_f, serial_undead_b, serial_undead_b, serial_undead_a,
          serial_undead_d
D:3:      minmay_skewed_foursquare, layout_basic, cheibrodos_sewer_entry_drain
Sewer:    kennysheep_sewer_church

Skill      XL: |  1  2  3  4 |
---------------+-------------+-----
Stealth        | 5 |  5.6
Hexes          | 5 |  5.4
Short Blades   | 2 |  2.5
Ice Magic      | 1 |  1.5
Dodging        | 3 |  3.1
Spellcasting   | |  2.0

Action                   |  1- 3 |  4- 6 || total
-------------------------+-------+-------++-------
Melee: Dagger            |   120 |    83 ||   203
       Bite              |    17 |    15 ||    32
       Punch             |     1 |     1 ||     2
 Cast: Ensorcelled Hiber |     4 |     5 ||     9
       Confusing Touch   |       |     1 ||     1
  Use: Potion            |       |     1 ||     1
 Stab: Sleeping          |    13 |     6 ||    19
       Invisible         |       |     1 ||     1
Armor: Robe              |    48 |    10 ||    58
Dodge: Dodged            |    87 |    56 ||   143
Block: Other             |    18 |    19 ||    37
       Reflection        |       |     1 ||     1

Table legend: (Time is in decaauts)
 A = Elapsed time spent in this place.
 B = Non-inter-level travel time spent in this place.
 C = Inter-level travel time spent in this place.
 D = Time resting spent in this place.
 E = Time spent auto-exploring this place.
 F = Levels seen in this place.
 G = Mean time per level.
                   A        B        C        D        E       F      G
               +--------+--------+--------+--------+--------+-----+--------+
         Total |   1852 |   1796 |     56 |      6 |   1001 |   4 |  463.0 |
       Dungeon |   1683 |   1627 |     56 |      6 |    941 |   3 |  561.0 |
         Sewer |    168 |    168 |      0 |      0 |     59 |   1 |  168.0 |
               +--------+--------+--------+--------+--------+-----+--------+

Top non-repeatable levels by time:
     D:2: 708 daAuts
     D:1: 680 daAuts
     D:3: 294 daAuts
   Sewer: 168 daAuts
